 Dungeon Crawl Stone Soup version 0.21.1-1-g345015f (webtiles) character file.

6045 GrunderHorse the Cleaver (level 10, -7/82 HPs)
             Began as a Gnoll Berserker on Mar 20, 2018.
             Was a High Priest of Trog.
             Mangled by an ogre
             ... wielding a +0 giant spiked club
              (20 damage)
             ... on level 10 of the Dungeon.
             The game lasted 00:11:58 (10267 turns).

GrunderHorse the Cleaver (Gnoll Berserker)         Turns: 10267, Time: 00:11:58

Health: -7/82      AC: 15    Str: 21    XL:     10   Next: 87%
Magic:  18/18      EV: 10    Int:  9    God:    Trog [*****.]
Gold:   281        SH:  0    Dex: 17    Spells: 20/20 levels left

rFire    . . .     SeeInvis .   I - +0 hand axe (venom)
rCold    . . .     Gourm    .   (no shield)
rNeg     + . .     Faith    .   F - +0 plate armour
rPois    .         Spirit   .   (no helmet)
rElec    .         Reflect  .   (no cloak)
rCorr    .         Harm     .   (no gloves)
MR       .....                  b - +1 pair of boots
Stlth    ..........             i - amulet of magic regeneration
HPRegen  0.23/turn              (no ring)
MPRegen  0.41/turn              O - ring of positive energy

@: lethally poisoned (-7 -> -8), berserk cooldown, slowed, very slow
A: distributed training, fangs 1, strong nose
a: Berserk, Trog's Hand, Brothers in Arms, Burn Spellbooks, Renounce Religion


You were on level 10 of the Dungeon.
You worshipped Trog.
Trog was extremely pleased with you.
You were very hungry.

You visited 1 branch of the dungeon, and saw 10 of its levels.

You collected 431 gold pieces.
You spent 150 gold pieces at shops.

Inventory:

Hand Weapons
 I - a +0 hand axe of venom (weapon)
 K - a +3 shortbow
Armour
 b - a +1 pair of boots (worn)
 d - a +0 chain mail
 p - a +0 ring mail of cold resistance
 F - a +0 plate armour (worn)
Jewellery
 i - an amulet of magic regeneration (around neck)
 O - a ring of positive energy (right hand)
Wands
 h - a wand of iceblast (3)
 r - a wand of clouds (7)
 D - a wand of flame (31)
 L - a wand of disintegration (16)
 M - a wand of polymorph (21)
 N - a wand of acid (11)
Scrolls
 e - 5 scrolls of teleportation
 g - 14 scrolls of identify
 l - 5 scrolls of enchant weapon
 m - 2 scrolls of remove curse
 t - a scroll of blinking {unknown}
 u - a scroll of immolation {unknown}
 v - a scroll of noise {unknown}
 w - 3 scrolls of amnesia {unknown}
 x - a scroll of random uselessness {unknown}
 y - a scroll of vulnerability {unknown}
 z - a scroll of brand weapon {unknown}
 B - a scroll of fear {unknown}
 G - a scroll of fog {unknown}
 H - 2 scrolls of enchant armour {unknown}
 J - a scroll of silence {unknown}
Potions
 a - a potion of magic {unknown}
 f - a potion of flight
 j - a potion of mutation {unknown}
 k - a potion of brilliance
 o - 2 potions of agility
 q - 4 potions of curing
 s - 4 potions of ambrosia {unknown}
 A - a potion of invisibility {unknown}
 C - a potion of lignification {unknown}
 E - 2 potions of resistance {unknown}
Books
 n - a book of Cantrips

   Spells                             Type                      Level
   a - Confusing Touch                Hexes                        1
   b - Animate Skeleton               Necromancy                   1
   c - Summon Small Mammal            Summoning                    1
   d - Apportation                    Translocation                1
   Trog disapproves of the use of such an item.
Comestibles
 c - 18 rations
 P - 4 chunks of flesh


   Skills:
 + Level 8.7 Fighting
 + Level 5.6 Short Blades
 + Level 5.6 Long Blades
 + Level 8.7 Axes
 + Level 5.6 Maces & Flails
 + Level 5.6 Polearms
 + Level 5.6 Staves
 + Level 5.6 Slings
 + Level 5.6 Bows
 + Level 5.6 Crossbows
 + Level 5.6 Throwing
 + Level 7.3 Armour
 + Level 7.3 Dodging
 + Level 5.6 Stealth
 + Level 5.6 Shields
 + Level 5.6 Unarmed Combat
 + Level 5.6 Spellcasting
 + Level 4.6 Conjurations
 + Level 4.6 Hexes
 + Level 4.6 Charms
 + Level 4.6 Summonings
 + Level 4.6 Necromancy
 + Level 4.6 Translocations
 + Level 4.6 Transmutations
 + Level 4.6 Fire Magic
 + Level 4.6 Ice Magic
 + Level 4.6 Air Magic
 + Level 4.6 Earth Magic
 + Level 4.6 Poison Magic
 + Level 6.1 Invocations
 + Level 5.6 Evocations


You had 20 spell levels left.
You didn't know any spells.

Dungeon Overview and Level Annotations

Branches:
Dungeon (10/15)            Temple (0/1) D:4            Lair (0/6) D:8
    Orc: D:9-12

Altars:
Cheibriados
Dithmenos
Elyvilon
Fedhas
Gozag
Hepliaklqana
Okawaru
Sif Muna
Vehumet
Xom
Yredelemnul
Zin
The Shining One

Shops:
D:4 (   D:9 *

Annotations:
D:4 2 transporters


Innate Abilities, Weirdness & Mutations

Your experience applies equally to all skills.
You have very sharp teeth.
Your uncanny sense of smell can sniff out nearby items.


Message History

Items here: †††† a killer bee corpse x4
You feel sick.
You feel sick.
You feel sick.
You feel sick.
An ogre comes into view. It is wielding a giant spiked club.
The ogre shouts!
You feel sick.
The ogre hits you with a giant spiked club!
You hit the ogre. You bite the ogre.
The ogre is lightly wounded.
You feel sick.
The ogre hits you with a giant spiked club!!
You slash the ogre!
The ogre is poisoned.
The ogre is moderately wounded.
The ogre hits you with a giant spiked club!!
* * * LOW HITPOINT WARNING * * *
The ogre hits you with a giant spiked club!!
You die...

###
##########.#
#..........#
#.########.#
#.# #.# #†#
###.#
#######.#
#....
#.......#.##
#.#.#
#@###......#
#.#.. #O#
#......# #.#..
#.# #...≈≈.#
#.#.# #.#
#......# #.#.#
#.# #......#
#.#.# #.#
#......#.#.#.#
#.#
#####.##.#.#)#
#.# #.....))).
#.# ####.#.#.#


You could see an ogre.

Vanquished Creatures
  The ghost of Zdeegee the Magician, a novice DrIE of Sif Muna (D:6)
  The ghost of GrunderHorse the Shield-Bearer, a novice GnFi (D:5)
  2 trolls
  Grinder (D:5)
  A yak (D:8)
  A human (D:8)
  The ghost of adolchristin the Skirmisher, an amateur MiFi (D:4)
  3 hogs (D:8)
  A steam dragon (D:8)
  2 hell hounds (D:8)
  2 water moccasins
  2 orc warriors
  A sky beast (D:9)
  A hornet zombie (D:8)
  6 ogres
  A centaur (D:8)
  2 big kobolds
  2 bullfrogs
  A wyvern zombie (D:7)
  3 scorpions
  16 killer bees
  2 howler monkeys
  4 crimson imps
  3 orc priests
  A gnoll shaman (D:7)
  3 jellies
  5 hounds
  5 orc wizards
  An iguana (D:8)
  2 worker ants
  2 killer bee zombies
  A hound skeleton (D:8)
  2 worker ant zombies
  6 gnolls
  A howler monkey zombie (D:9)
  6 adders
  2 adder skeletons
  10 worms
  4 dart slugs
  6 leopard geckos
  33 orcs
  9 bats
  2 giant cockroaches
  7 goblins
  6 hobgoblins
  16 jackals
  7 ball pythons
  4 frilled lizards
  13 kobolds
  A leopard gecko skeleton (D:8)
  A quokka skeleton (D:8)
  8 rats
224 creatures vanquished.

Vanquished Creatures (others)
  A kobold (D:8)
  A quokka (D:8)
2 creatures vanquished.

Grand Total: 226 creatures vanquished

Notes
Turn   | Place    | Note
-------+----------+-------------------------------------------
     0 | D:1      | GrunderHorse the Gnoll Berserker began the quest for the Orb.
     0 | D:1      | Reached XP level 1. HP: 23/23 MP: 1/1
    90 | D:1      | Reached XP level 2. HP: 27/29 MP: 2/2
   157 | D:1      | Reached XP level 3. HP: 32/35 MP: 3/3
   307 | D:1      | Reached ** piety under Trog
   380 | D:1      | Reached skill level 1 in Invocations
  1073 | D:2      | Found a radiant altar of Vehumet.
  1082 | D:2      | Reached skill level 1 in Short Blades
  1082 | D:2      | Reached skill level 1 in Long Blades
  1082 | D:2      | Reached skill level 1 in Maces & Flails
  1082 | D:2      | Reached skill level 1 in Polearms
  1082 | D:2      | Reached skill level 1 in Staves
  1082 | D:2      | Reached skill level 1 in Slings
  1082 | D:2      | Reached skill level 1 in Bows
  1082 | D:2      | Reached skill level 1 in Crossbows
  1082 | D:2      | Reached skill level 1 in Throwing
  1082 | D:2      | Reached skill level 1 in Stealth
  1082 | D:2      | Reached skill level 1 in Shields
  1082 | D:2      | Reached skill level 1 in Unarmed Combat
  1082 | D:2      | Reached skill level 1 in Spellcasting
  1082 | D:2      | Reached skill level 1 in Evocations
  1110 | D:2      | Reached XP level 4. HP: 36/41 MP: 5/5
  1568 | D:2      | Found a hazy altar of Hepliaklqana.
  1571 | D:2      | Found a blossoming altar of Fedhas.
  1574 | D:2      | Found a glowing silver altar of Zin.
  1903 | D:3      | Reached skill level 1 in Conjurations
  1903 | D:3      | Reached skill level 1 in Hexes
  1903 | D:3      | Reached skill level 1 in Charms
  1903 | D:3      | Reached skill level 1 in Summonings
  1903 | D:3      | Reached skill level 1 in Necromancy
  1903 | D:3      | Reached skill level 1 in Translocations
  1903 | D:3      | Reached skill level 1 in Transmutations
  1903 | D:3      | Reached skill level 1 in Fire Magic
  1903 | D:3      | Reached skill level 1 in Ice Magic
  1903 | D:3      | Reached skill level 1 in Air Magic
  1903 | D:3      | Reached skill level 1 in Earth Magic
  1903 | D:3      | Reached skill level 1 in Poison Magic
  2044 | D:3      | Found a white marble altar of Elyvilon.
  2051 | D:3      | Reached XP level 5. HP: 35/47 MP: 6/6
  2558 | D:4      | Found a transporter.
  2576 | D:4      | Noticed adolchristin's ghost (amateur MiFi)
  2586 | D:4      | Killed adolchristin's ghost
  2586 | D:4      | Reached XP level 6. HP: 53/53 MP: 8/8
  2642 | D:4      | Reached *** piety under Trog
  2642 | D:4      | Reached skill level 5 in Armour
  2642 | D:4      | Reached skill level 5 in Dodging
  2853 | D:4      | Found a staircase to the Ecumenical Temple.
  2900 | D:4      | Found a transporter.
  2918 | D:4      | Reached XP level 7. HP: 36/59 MP: 10/10
  3138 | D:4      | Found a basalt altar of Yredelemnul.
  3271 | D:4      | Found Kiot's Weapon Emporium.
  3455 | D:5      | Entered Level 5 of the Dungeon
  3460 | D:5      | Found a shadowy altar of Dithmenos.
  3472 | D:5      | Noticed Grinder
  3481 | D:5      | Killed Grinder
  3494 | D:5      | Noticed GrunderHorse's ghost (novice GnFi)
  3802 | D:5      | Killed GrunderHorse's ghost
  3802 | D:5      | Reached XP level 8. HP: 32/67 MP: 10/12
  4157 | D:5      | Found an iron altar of Okawaru.
  4409 | D:5      | Found a white marble altar of Elyvilon.
  4478 | D:5      | Found an opulent altar of Gozag.
  4778 | D:6      | Noticed Zdeegee's ghost (novice DrIE)
  4790 | D:6      | Killed Zdeegee's ghost
  4790 | D:6      | Reached XP level 9. HP: 69/73 MP: 14/14
  4946 | D:6      | Reached **** piety under Trog
  5357 | D:6      | Found a glowing golden altar of the Shining One.
  6011 | D:7      | Found a shimmering altar of Xom.
  6207 | D:7      | HP: 2/74 [poisoned by an orc]
  7170 | D:8      | Found a staircase to the Lair.
  7187 | D:8      | Reached skill level 5 in Invocations
  7904 | D:8      | Reached XP level 10. HP: 80/80 MP: 15/17
  7975 | D:8      | Reached skill level 5 in Short Blades
  7975 | D:8      | Reached skill level 5 in Long Blades
  7975 | D:8      | Reached skill level 5 in Maces & Flails
  7975 | D:8      | Reached skill level 5 in Polearms
  7975 | D:8      | Reached skill level 5 in Staves
  7975 | D:8      | Reached skill level 5 in Slings
  7975 | D:8      | Reached skill level 5 in Bows
  7975 | D:8      | Reached skill level 5 in Crossbows
  7975 | D:8      | Reached skill level 5 in Throwing
  7975 | D:8      | Reached skill level 5 in Stealth
  7975 | D:8      | Reached skill level 5 in Shields
  7975 | D:8      | Reached skill level 5 in Unarmed Combat
  7975 | D:8      | Reached skill level 5 in Spellcasting
  7975 | D:8      | Reached skill level 5 in Evocations
  8578 | D:9      | Found a snail-covered altar of Cheibriados.
  8668 | D:9      | Reached ***** piety under Trog
  9877 | D:9      | Found Toecrath's Assorted Antiques.
  9880 | D:9      | Bought a shiny ruby ring for 150 gold pieces
  9971 | D:9      | Found a deep blue altar of Sif Muna.
 10125 | D:10     | Entered Level 10 of the Dungeon
 10267 | D:10     | Mangled by an ogre

Skill      XL: |  1  2  3  4  5  6  7  8  9 10 |
---------------+-------------------------------+-----
Invocations    | 1 2 3 4 5 6 |  6.1
Short Blades   | 1 2 3 4 5 |  5.6
Long Blades    | 1 2 3 4 5 |  5.6
Maces & Flails | 1 2 3 4 5 |  5.6
Polearms       | 1 2 3 4 5 |  5.6
Staves         | 1 2 3 4 5 |  5.6
Slings         | 1 2 3 4 5 |  5.6
Bows           | 1 2 3 4 5 |  5.6
Crossbows      | 1 2 3 4 5 |  5.6
Throwing       | 1 2 3 4 5 |  5.6
Stealth        | 1 2 3 4 5 |  5.6
Shields        | 1 2 3 4 5 |  5.6
Unarmed Combat | 1 2 3 4 5 |  5.6
Spellcasting   | 1 2 3 4 5 |  5.6
Evocations     | 1 2 3 4 5 |  5.6
Conjurations   | 1 2 3 4 |  4.6
Hexes          | 1 2 3 4 |  4.6
Charms         | 1 2 3 4 |  4.6
Summonings     | 1 2 3 4 |  4.6
Necromancy     | 1 2 3 4 |  4.6
Translocations | 1 2 3 4 |  4.6
Transmutations | 1 2 3 4 |  4.6
Fire Magic     | 1 2 3 4 |  4.6
Ice Magic      | 1 2 3 4 |  4.6
Air Magic      | 1 2 3 4 |  4.6
Earth Magic    | 1 2 3 4 |  4.6
Poison Magic   | 1 2 3 4 |  4.6
Armour         | 5 6 7 |  7.3
Dodging        | 5 6 7 |  7.3
Fighting       | 7 8 |  8.7
Axes           | 7 8 |  8.7

Action                   |  1- 3 |  4- 6 |  7- 9 | 10-12 || total
-------------------------+-------+-------+-------+-------++-------
Melee: Hand axe          |   109 |   198 |   364 |   232 ||   903
       Bite              |     6 |    29 |    59 |    27 ||   121
       Punch             |       |     1 |    11 |    11 ||    23
       Staff             |       |       |    22 |       ||    22
Invok: Berserk           |       |     3 |     8 |     6 ||    17
  Use: Potion            |       |       |     7 |     1 ||     8
       Scroll            |       |       |     5 |     2 ||     7
  Eat: Chunk             |       |     5 |    20 |     7 ||    32
       Ration            |       |     1 |     1 |     2 ||     4
Armor: Chain mail        |    84 |    73 |   157 |    80 ||   394
       Plate armour      |       |       |       |    26 ||    26
Dodge: Dodged            |    67 |    65 |   210 |   139 ||   481
